AoeStats
← Doak

Arabia

507595513Analyzed
4v4 RM · 13d ago on Sep 18, 2026· 9m 29s· 8 players
Game mode
Random Map
Map size
Large (8 player)
Population
200
Speed
Normal
Resources
Standard
Victory
Conquest
Starting age
Dark Age
Ending age
Imperial Age
RankedLock teamsTeams togetherTeam positionsShared explorationLock speedFull tech treeHidden civsTurbo modeCheats
Victory
Defeat
🇦🇷 Burgundians · Argentina
1418
+15
🇺🇸 Franks · United States
1380
+16
🇨🇴 Tatars · Colombia
1337
+18
🇲🇽 Shu · Mexico
1296
+20
🇮🇹 Ethiopians · Italy
1465
-21
🇮🇹 Berbers · Italy
1379
-17
🇬🇧 Maya · United Kingdom
1362
-16
🇧🇦 Franks · Bosnia & Herzegovina
1321
-15
Doak
0:26 Loom
Wendysocute
5:29 Loom
7:09 Loom
9:34 Feudal Age
1godi
8:20 Loom
10:09 Feudal Age
8:24 Loom
511
6:07 Loom
9:15 Feudal Age
Nataly_
6:11 Loom
8:51 Feudal Age
8:55 Man-at-Arms
9:29 Double-Bit Axe
Dionysus
9:00 Feudal Age
7:16 Loom
zularombr
6:37 Loom
9:12 Feudal Age
PistonForjado
4:50 Loom
6:59 Loom
9:26 Feudal Age
Connection lost

Rejoining the realm…

Still unreachable

The connection could not be restored.

Session expired

The server has moved on; the page needs a fresh start.